 Dungeon Crawl Stone Soup version 0.28-a0-1130-gc51a68064b (webtiles) character file.

Game seed: 3540624892081692108

95 SensoryNuts the Twirler (level 4, -1/27 HPs)
             Began as a Gargoyle Gladiator on Dec 12, 2021.
             Slain by an orc warrior (13 damage)
             ... on level 3 of the Dungeon.
             The game lasted 00:02:53 (2524 turns).

SensoryNuts the Twirler (Gargoyle Gladiator)        Turns: 2524, Time: 00:02:54

Health: -1/27      AC:  8    Str: 20    XL:     4   Next: 65%
Magic:  4/4        EV: 12    Int:  8    God:
Gold:   149        SH:  0    Dex: 11    Spells: 3/3 levels left

rFire   . . .      SeeInvis .   e - +1 war axe (drain)
rCold   . . .      Faith    .   (no shield)
rNeg    + . .      Spirit   .   b - +0 leather armour
rPois   ∞          Reflect  .   c - +1 helmet
rElec   +          Harm     .   (no cloak)
rCorr   .          Rampage  .   (no gloves)
Will    .....                   (no boots)
Stlth   +.........              (no amulet)
HPRegen 0.09/turn               (no ring)
MPRegen 0.09/turn               (no ring)

@: about to teleport
A: sickness immunity, AC +3, negative energy resistance 1, electricity
resistance, torment resistance 1, petrification resistance, noise suppression
a: no special abilities


You were on level 3 of the Dungeon.
You visited 1 branch of the dungeon, and saw 3 of its levels.

You collected 149 gold pieces.

Inventory:

Hand Weapons
 a - a +1 quarterstaff
 e - a +1 war axe of draining (weapon)
Missiles
 d - 3 throwing nets (quivered)
Armour
 b - a +0 leather armour (worn)
 c - a +1 helmet (worn)
Magical Staves
 h - a staff of poison
Scrolls
 f - 2 scrolls of identify
 k - a scroll of teleportation


   Skills:
 + Level 2.5 Fighting
 + Level 0.5 Axes
 + Level 3.9 Staves
 + Level 2.0 Throwing
 + Level 1.3 Armour
 + Level 3.0 Dodging
 + Level 0.6 Stealth


You had 3 spell levels left.
You didn't know any spells.
Your spell library contained the following spells:

 Spells                   Type           Power      Damage    Failure   Level
 Magic Dart               Conj           0%         1d3       45%         1
 Slow                     Hex            0%         N/A       45%         1
 Call Imp                 Summ           0%         N/A       61%         2
 Confusing Touch          Hex            0%         N/A       83%         3
 Mephitic Cloud           Conj/Pois/Air  0%         N/A       83%         3
 Fireball                 Conj/Fire      0%         3d3       100%        5
 Iskenderun's Battlesphe  Conj           0%         2d6       100%        5
 Yara's Violent Unravell  Hex/Tmut       0%         3d3       100%        5
 Conjure Ball Lightning   Conj/Air       0%         3x3d6     100%        6
 Orb of Destruction       Conj           0%         N/A       100%        7


Dungeon Overview and Level Annotations

Branches:
Dungeon (3/15)

Altars:


Innate Abilities, Weirdness & Mutations

You are immune to sickness and miasma.
Your stone body is resilient. (AC +3)
You are immune to poison.
You resist negative energy. (rN+)
You are resistant to electric shocks. (rElec)
You are resistant to unholy torment.
You are immune to petrification.
You passively dampen the noise of your surroundings.


Message History

Things that are here:
a +0 club; a +0 leather armour; an orc corpse
Things that are here:
a +0 club; a goblin corpse
There is an open door here.
You now have 149 gold pieces (gained 4).
You see here a +0 short sword.
There is an open door here.
Found a stone staircase leading down.
An orc warrior and an orc wizard come into view.
The orc warrior shouts!
The orc wizard shouts!
You hear a shout!
An orc priest comes into view. It is wielding a +0 club.
The orc wizard mumbles some strange words.
The orc wizard flickers and vanishes!
Deactivating autopickup; reactivate with Ctrl-A.
The orc priest calls down the wrath of Beogh upon you.
Beogh smites you!
Ouch! That really hurt!
You are too injured to fight recklessly!
You are too injured to fight recklessly!
You are too injured to fight recklessly!
You are too injured to fight recklessly!
You are too injured to fight recklessly!
You are too injured to fight recklessly!
You are too injured to fight recklessly!
You are too injured to fight recklessly!
You are too injured to fight recklessly!
You are too injured to fight recklessly!
You are too injured to fight recklessly!
Unknown command.
You are too injured to fight recklessly!
You aren't carrying any potions.
You aren't carrying any potions.
You aren't carrying any potions.
You aren't carrying any potions.
As you read the scroll of teleportation, it crumbles to dust.
You feel strangely unstable.
The orc warrior hits you with a +0 flail!
You die...

.. .# .# .# .# .##.#
.##.### .+....
.##.################.#
............>...@o.o.#
#.#.#########.########
..............#
#.#.#.#########
#.#.#.########
#.#.#.##.....#
.......#.....#
#.##...'.)...#
#.##...###'#####


You could see an orc warrior and an orc priest.

Vanquished Creatures
  Natasha (D:2)
  An adder (D:3)
  A worm (D:3)
  An orc (D:3)
  5 ball pythons
  6 bats
  5 endoplasms
  4 goblins
  3 hobgoblins
  10 jackals
  4 kobolds
  A quokka (D:1)
  A frilled lizard (D:3)
  11 rats
54 creatures vanquished.

Notes
Turn   | Place    | Note
-------+----------+-------------------------------------------
     0 | D:1      | SensoryNuts the Gargoyle Gladiator began the quest for the
                  | Orb.
     0 | D:1      | Reached XP level 1. HP: 12/12 MP: 1/1
   260 | D:1      | Reached XP level 2. HP: 11/17 MP: 2/2
   591 | D:1      | Found a faded altar of an unknown god.
   820 | D:1      | Reached XP level 3. HP: 21/21 MP: 3/3
  1431 | D:2      | Gained mutation: You passively dampen the noise of your
                  | surroundings. [potion of mutation]
  1865 | D:2      | Noticed Natasha
  1879 | D:2      | Killed Natasha
  1880 | D:2      | Reached skill level 1 in Armour
  1880 | D:2      | Reached XP level 4. HP: 16/27 MP: 4/4
  2520 | D:3      | Noticed an orc warrior
  2524 | D:3      | Slain by an orc warrior

Illustrated notes

Levels and vault maps discovered:
D:1:      dpeg_arrival_chambers_temple_mockup, layout_loops_corners,
          ebering_ecumenical_altar_hall, corexii_corridor_pit,
          minmay_rat_gold_closets
D:2:      layout_rooms, hangedman_feature_mirror, uniq_natasha
D:3:      layout_basic

Skill      XL: |  1  2  3 |
---------------+----------+-----
Throwing       | 2 |  2.0
Armour         | 1 |  1.3
Dodging        | 3 |  3.0
Fighting       | |  2.5
Axes           | |  0.5
Staves         | |  3.9
Stealth        | |  0.6

Action                   |  1- 3 |  4- 6 || total
-------------------------+-------+-------++-------
Melee: Quarterstaff      |    63 |       ||    63
       War axe           |     8 |    52 ||    60
  Use: Potion            |     3 |       ||     3
       Scroll            |     4 |     1 ||     5
Armor: Leather armour    |    36 |    17 ||    53
Dodge: Dodged            |    51 |    47 ||    98

Table legend: (Time is in decaauts)
 A = Elapsed time spent in this place.
 B = Non-inter-level travel time spent in this place.
 C = Inter-level travel time spent in this place.
 D = Time resting spent in this place.
 E = Time spent auto-exploring this place.
 F = Levels seen in this place.
 G = Mean time per level.
                   A        B        C        D        E       F      G
               +--------+--------+--------+--------+--------+-----+--------+
         Total |   2561 |   2561 |      0 |      0 |   2057 |   3 |  853.7 |
       Dungeon |   2561 |   2561 |      0 |      0 |   2057 |   3 |  853.7 |
               +--------+--------+--------+--------+--------+-----+--------+

Top non-repeatable levels by time:
     D:1: 1337 daAuts
     D:2: 806 daAuts
     D:3: 417 daAuts
